 Dungeon Crawl Stone Soup version 0.27-a0-1612-gde56a17b89 (webtiles) character file.

Game seed: 9184961188450490461

116 pokeman the Magician (level 4, 0/25 HPs)
             Began as a Deep Elf Hedge Wizard on July 21, 2021.
             Slain by an orc (2 damage)
             ... on level 3 of the Dungeon.
             The game lasted 00:03:49 (3023 turns).

pokeman the Magician (Deep Elf Hedge Wizard)        Turns: 3023, Time: 00:03:50

Health: 0/25       AC:  3    Str:  7    XL:     4   Next: 69%
Magic:  4/13       EV: 13    Int: 20    God:
Gold:   94         SH:  0    Dex: 14    Spells: 2/14 levels left

rFire    . . .     SeeInvis .   a - +0 dagger
rCold    . . .     Faith    .   (no shield)
rNeg     . . .     Spirit   .   b - +0 robe
rPois    .         Reflect  .   n - +0 helmet
rElec    .         Harm     .   (no cloak)
rCorr    .         Rampage  .   (no gloves)
Will     .....                  (no boots)
Stlth    ++........             (no amulet)
HPRegen  0.08/turn              (no ring)
MPRegen  0.13/turn              (no ring)

@: no status effects
A: no striking features
a: no special abilities


You were on level 3 of the Dungeon.
You visited 1 branch of the dungeon, and saw 3 of its levels.

You collected 94 gold pieces.

Inventory:

Hand Weapons
 a - a +0 dagger (weapon)
Missiles
 i - 72 arrows
Armour
 b - a +0 robe (worn)
 n - a +0 helmet (worn)
Jewellery
 g - a ring of ice
Scrolls
 f - 4 scrolls of teleportation {unknown}
 h - a scroll of blinking {unknown}
 j - a scroll of identify {unknown}
 l - a scroll of enchant weapon {unknown}
 p - a scroll of torment {unknown}
Potions
 c - a potion of berserk rage {unknown}
 d - a potion of might {unknown}
 e - 2 potions of haste {unknown}
 k - a potion of attraction {unknown}
 m - a potion of invisibility {unknown}
 o - a potion of curing {unknown}


   Skills:
 - Level 1.0 Fighting
 - Level 1.0 Armour
 + Level 2.9 Dodging
 - Level 2.4 Stealth
 * Level 5.8 Spellcasting
 + Level 2.4 Conjurations
 - Level 1.1 Summonings
 - Level 1.1 Translocations
 + Level 0.9 Fire Magic


You had 2 spell levels left.
You knew the following spells:

 Your Spells              Type           Power      Damage    Failure   Level
a - Magic Dart            Conj           60%        1d6       4%          1
b - Mephitic Cloud        Conj/Pois/Air  9%         N/A       22%         3
c - Call Imp              Summ           10%        N/A       11%         2
d - Blink                 Tloc           N/A        N/A       11%         2
e - Conjure Flame         Conj/Fire      12%        6-21      16%         3
f - Foxfire               Conj/Fire      48%        2x1d6     5%          1

Your spell library contained the following spells:

 Spells                   Type           Power      Damage    Failure   Level
 Corona                   Hex            5%         N/A       11%         1
 Ensorcelled Hibernation  Hex/Ice        10%        N/A       16%         2
 Slow                     Hex            5%         N/A       16%         2
 Ignite Poison            Fire/Tmut/Pois 7%         N/A       28%         3
 Tukima's Dance           Hex            5%         N/A       32%         3
 Lightning Bolt           Conj/Air       5%         1d17      87%         5
 Iron Shot                Conj/Erth      5%         9d2       100%        6


Dungeon Overview and Level Annotations

Branches:
Dungeon (3/15)

Altars:
Ashenzari


Message History

The orc is lightly wounded.
The foxfire hits something.
Reactivating autopickup.
You feel a bit more experienced.
Unknown command.
Casting: Magic Dart (safe; 4% risk of failure)
Confirm with . or Enter, or press ? or * to list all spells.
You conjure some foxfire!
The orc hits you but does no damage.
Unknown command.
The foxfire hits the orc but does no damage.
The orc is lightly wounded.
The foxfire hits the orc.
The orc is severely wounded.
The orc hits you with a +0 mace of protection.
Unknown command.
Casting: Foxfire (safe; 5% risk of failure)
Confirm with . or Enter, or press ? or * to list all spells.
You conjure some foxfire!
The orc hits you with a +0 mace of protection.
You hit the orc.
The orc is almost dead.
The foxfire hits the orc but does no damage.
The orc is almost dead.
The foxfire hits the orc but does no damage.
The orc is almost dead.
The orc misses you.
Casting: Foxfire (safe; 5% risk of failure)
Confirm with . or Enter, or press ? or * to list all spells.
You conjure some foxfire!
The orc hits you with a +0 mace of protection.
* * * LOW HITPOINT WARNING * * *
You hit the orc but do no damage.
The orc is almost dead.
The foxfire hits the orc but does no damage.
The orc is almost dead.
The foxfire hits the orc but does no damage.
The orc is almost dead.
The orc closely misses you.
The orc hits you with a +0 mace of protection.
You die...

#....###### #..#.##
##.........# #.........
.......###.###>........
.......###.....<.#####.#
.......#.....#.#.## #
#####..#.....#....####
#..###...........#
#.##..††#........#
#..#....####@###.#
#...#.### #o# #.......#
##.# ###.#...# #.)#
#....#### #.##
#####....# #)#
##...#.### #.#
##.......# #)#
####.#...# #.######


You could see an orc.

Vanquished Creatures
  An orc wizard (D:3)
  An adder (D:2)
  2 worms
  2 dart slugs
  5 bats
  3 endoplasms
  2 giant cockroaches
  3 goblins (D:1)
  3 hobgoblins
  7 jackals
  A kobold (D:1)
  5 quokkas
  5 ball pythons
  2 frilled lizards (D:1)
  7 rats
49 creatures vanquished.

Vanquished Creatures (collateral kills)
  An orc wizard (D:3)
  An orc (D:3)
2 creatures vanquished.

Vanquished Creatures (others)
  25 foxfires (D:3)
  A plant (D:2)
26 creatures vanquished.

Grand Total: 77 creatures vanquished

Notes
Turn   | Place    | Note
-------+----------+-------------------------------------------
     0 | D:1      | pokeman the Deep Elf Hedge Wizard began the quest for the
                  | Orb.
     0 | D:1      | Reached XP level 1. HP: 10/10 MP: 7/7
   358 | D:1      | Reached XP level 2. HP: 10/16 MP: 2/9
   810 | D:1      | Reached skill level 5 in Spellcasting
  1009 | D:1      | Reached XP level 3. HP: 20/20 MP: 7/11
  1013 | D:1      | Learned a level 3 spell: Mephitic Cloud
  1016 | D:1      | Learned a level 2 spell: Call Imp
  1019 | D:1      | Learned a level 2 spell: Blink
  1023 | D:1      | Learned a level 3 spell: Conjure Flame
  1718 | D:2      | Reached skill level 1 in Armour
  2526 | D:3      | Reached skill level 1 in Fighting
  2775 | D:3      | Found a broken altar of Ashenzari.
  2832 | D:3      | Got the Reference Book on Shape Shifting and Attacks
  2835 | D:3      | Learned a level 1 spell: Foxfire
  2912 | D:3      | Reached XP level 4. HP: 25/25 MP: 11/13
  3023 | D:3      | Slain by an orc

Illustrated notes

Levels and vault maps discovered:
D:1:      elethiomel_arrival_infinity_welcomes_careful_drivers, layout_rooms,
          chequers_serial_rivers_small_b
D:2:      layout_basic, serial_forest, infiniplex_forest_straight_4,
          infiniplex_forest_clump_small, infiniplex_forest_lined_3,
          infiniplex_forest_lined_corner, infiniplex_forest_clump_double,
          infiniplex_forest_lined_room_2, infiniplex_forest_lined_3_way,
          infiniplex_forest_clump_medium, infiniplex_forest_straight_5
D:3:      layout_loops_ring, ashenzari_altar_1, nicolae_tso_carved_into_rock,
          hellmonk_ecumenical_altar_inner_sanctum, hangedman_decor_push,
          uniq_robin

Skill      XL: |  1  2  3 |
---------------+----------+-----
Spellcasting   | 5 |  5.8
Conjurations   | 2 |  2.4
Armour         | 1 |  1.0
Fighting       | 1 |  1.0
Dodging        | |  2.9
Stealth        | |  2.4
Summonings     | |  1.1
Translocations | |  1.1
Fire Magic     | |  0.9

Action                   |  1- 3 |  4- 6 || total
-------------------------+-------+-------++-------
Melee: Dagger            |     2 |     4 ||     6
 Cast: Magic Dart        |   117 |     2 ||   119
       Foxfire           |     3 |    11 ||    14
       Mephitic Cloud    |       |     1 ||     1
       Call Imp          |       |     1 ||     1
Armor: Robe              |     5 |     2 ||     7
Dodge: Dodged            |    12 |     3 ||    15

Table legend: (Time is in decaauts)
 A = Elapsed time spent in this place.
 B = Non-inter-level travel time spent in this place.
 C = Inter-level travel time spent in this place.
 D = Time resting spent in this place.
 E = Time spent auto-exploring this place.
 F = Levels seen in this place.
 G = Mean time per level.
                   A        B        C        D        E       F      G
               +--------+--------+--------+--------+--------+-----+--------+
         Total |   3024 |   2952 |     72 |      8 |   2662 |   3 | 1008.0 |
       Dungeon |   3024 |   2952 |     72 |      8 |   2662 |   3 | 1008.0 |
               +--------+--------+--------+--------+--------+-----+--------+

Top non-repeatable levels by time:
     D:1: 1327 daAuts
     D:2: 1184 daAuts
     D:3: 511 daAuts
